 Dungeon Crawl Stone Soup version 0.22-a0-580-gd5db89c (webtiles) character file.

1 Amnesiac the Sneak (level 1, -1/11 HPs)
             Began as a Spriggan Wanderer on July 3, 2018.
             Succumbed to a kobold's poison
             ... on level 1 of the Dungeon.
             The game lasted 00:00:13 (14 turns).

Amnesiac the Sneak (Spriggan Wanderer)                Turns: 14, Time: 00:00:14

Health: -1/11      AC:  2    Str:  8    XL:     1   Next: 16%
Magic:  3/3        EV: 15    Int: 13    God:
Gold:   0          SH:  0    Dex: 15    Spells: 0/0 levels left

rFire    . . .     SeeInvis +   a - +2 quarterstaff
rCold    . . .     Gourm    .   (shield currently unavailable)
rNeg     . . .     Faith    .   d - +0 robe
rPois    .         Spirit   .   (helmet restricted)
rElec    .         Reflect  .   (no cloak)
rCorr    .         Harm     .   (gloves unavailable)
MR       .....                  (boots unavailable)
Stlth    +++.......             (no amulet)
HPRegen  0.03/turn              (no ring)
MPRegen  0.08/turn              (no ring)

@: lethally poisoned (-1 -> -22), very quick
A: very small, unfitting armour, see invisible, herbivore, speed 3, slow
metabolism 2
a: no special abilities


You were on level 1 of the Dungeon.
You were not hungry.

You visited 1 branch of the dungeon, and saw 1 of its levels.

Inventory:

Hand Weapons
 a - a +2 quarterstaff (weapon)
 b - a +0 falchion
 e - a +0 dagger
Armour
 d - a +0 robe (worn)
Wands
 c - a wand of random effects (15)
Comestibles
 f - a ration


   Skills:
 - Level 2.4 Fighting
 - Level 1.1 Short Blades
 - Level 1.0 Staves
 - Level 1.0 Throwing
 - Level 4.4 Stealth
 + Level 1.7 Evocations


You couldn't memorise any spells.
You didn't know any spells.
Your spell library was empty.

Dungeon Overview and Level Annotations

Branches:
Dungeon (1/15)

Altars:


Innate Abilities, Weirdness & Mutations

You are very small and have problems with some larger weapons.
You are too small for most types of armour.
You have supernaturally acute eyesight. (SInv)
You are a herbivore.
You cover ground extremely quickly.
You need to consume almost no food.


Message History

Welcome, Amnesiac the Spriggan Wanderer.
Will you prevail where others failed? Will you find the Orb of Zot?
Press ? for a list of commands and other information.
Found a staircase leading out of the dungeon.
Evoke which item? (* to show all) (? for menu, Esc to quit)
Okay, then.
Your library has no spells.
Unknown command.
You open the door.
There is an open door here.
A kobold comes into view. It is wielding a short sword of venom.
A kobold is nearby!
A kobold is nearby!
The kobold shouts!
The kobold misses you.
You barely miss the kobold.
The kobold hits you with a short sword of venom.
You are lethally poisoned!
You closely miss the kobold.
You feel sick.
The kobold hits you with a short sword of venom.
* * * LOW HITPOINT WARNING * * *
You are more poisoned.
You hit the kobold.
You kill the kobold!
* * * LOW HITPOINT WARNING * * *
You feel sick.
A goblin comes into view. It is wielding a dagger.
* * * LOW HITPOINT WARNING * * *
You feel sick.
Things that are here:
a short sword of venom; a kobold corpse You aren't carrying any potions.
You barely miss the goblin.
You die...

.......
.....# ....#
...# ..# #.#
#.#####
#..g@.#
##+###'##)#
#≈.≈§§§§#.#
#≈≈.≈.§§#.#
###≈≈..§§§#.#
#...§.<.≈...#
#.#≈≈...§§###
. #≈≈§§§≈≈#
#≈.≈≈≈.≈#


You could see a goblin.

Vanquished Creatures
  A kobold (D:1)
1 creature vanquished.

Notes
Turn   | Place    | Note
-------+----------+-------------------------------------------
     0 | D:1      | Amnesiac the Spriggan Wanderer began the quest for the Orb.
     0 | D:1      | Amnesiac set off with: a +2 quarterstaff, a +0 falchion, a wand of random effects (15), a +0 robe, a +0 dagger, a ration
     0 | D:1      | Reached XP level 1. HP: 11/11 MP: 3/3
    14 | D:1      | Succumbed to a kobold's poison

Vault maps used:
D:1:      ncdulo_lavacross

Action                   || total
-------------------------++-------
Melee: Quarterstaff      ||     4
Dodge: Dodged            ||     1

Table legend:
 A = Spawn XP
 B = Non-spawn XP
 C = Spawn XP percentage of total XP
 D = Spawn monster count
 E = Non-spawn monster count
 F = Spawn count percentage of total count
 G = Total turns spent on level
                    A         B        C        D         E        F      G
               +---------+---------+-------+---------+---------+-------+---------
         Total |       0 |       2 |   0.0 |       0 |       1 |   0.0 |    14
               +---------+---------+-------+---------+---------+-------+---------
           D:1 |       0 |       2 |   0.0 |       0 |       1 |   0.0 |    14
               +---------+---------+-------+---------+---------+-------+---------
